[Event "Titled Tuesday Blitz July 13 2021"]
[White "Kukhmazov, Arsen"]
[Black "Stocek, Jiri"]
[WhiteFideId "24108260"]
[BlackFideId "304760"]
[WhiteElo "2453"]
[BlackElo "2409"]
[Result "1-0"]
[Round "11"]
[TimeControl "180+1"]
[Date "2021.07.13"]
[WhiteClock "0:00:02"]
[BlackClock "0:00:01"]

1. d4 Nf6 2. c4 e6 3. Nf3 Bb4+ 4. Nbd2 b6 5. g3 Bb7 6. Bg2 O-O 7. O-O h6 8. Nb1 d5 9. a3 Be7 10. cxd5 exd5 11. Nc3 Re8 12. Ne5 c5 13. dxc5 Bxc5 14. Nd3 Bf8 15. Bf4 Na6 16. Nb5 Qd7 17. Nd4 Nc5 18. Ne5 Qc8 19. Nef3 Qd8 20. Rc1 Rc8 21. Bh3 Ne6 22. Nxe6 fxe6 23. Ne5 Bd6 24. Rxc8 Qxc8 25. Ng6 Qb8 26. Qd2 Bxf4 27. Nxf4 Qd6 28. Rc1 e5 29. Nd3 Ne4 30. Qe1 Qf6 31. Bg2 Nd6 32. Qb4 Nc4 33. b3 Na5 34. Rc7 e4 35. Nf4 Qa1+ 36. Bf1 d4 37. Qb5 d3 38. Qxe8+ 1-0


[Site "https://www.chess.com"]

[Event "Titled Tuesday Blitz July 13 2021"]
[White "Lazavik, Denis"]
[Black "Chigaev, Maksim"]
[WhiteFideId "13515110"]
[BlackFideId "4108116"]
[WhiteElo "2436"]
[BlackElo "2646"]
[Result "1-0"]
[Round "11"]
[TimeControl "180+1"]
[Date "2021.07.13"]
[WhiteClock "0:00:30"]
[BlackClock "0:00:19"]

1. d4 Nf6 2. c4 g6 3. g3 Bg7 4. Bg2 c5 5. Nf3 O-O 6. Nc3 Nc6 7. O-O d6 8. dxc5 dxc5 9. Bf4 Nh5 10. Be3 Nd4 11. Qd2 e5 12. Bh6 f6 13. Rfd1 Be6 14. Bxg7 Nxg7 15. b3 Bg4 16. Nxd4 cxd4 17. Nd5 Qd7 18. Re1 Be6 19. e3 dxe3 20. Qxe3 Nf5 21. Qc3 Nd4 22. f4 Qd6 23. Kh1 Bxd5 24. Bxd5+ Kh8 25. Rad1 Rab8 26. Qe3 Rfe8 27. fxe5 Qxe5 28. Qf2 Ne2 29. Bf3 Qe3 30. Qxe2 1-0


[Site "https://www.chess.com"]

[Event "Titled Tuesday Blitz July 13 2021"]
[White "Liu, Manli"]
[Black "Primbetov, Kazbek"]
[WhiteFideId "8608121"]
[BlackFideId "13702297"]
[WhiteElo "2061"]
[BlackElo "2184"]
[Result "0-1"]
[Round "11"]
[TimeControl "180+1"]
[Date "2021.07.13"]
[WhiteClock "0:00:18"]
[BlackClock "0:00:18"]

1. e4 e6 2. d4 d5 3. Nd2 Nf6 4. e5 Nfd7 5. Bd3 c5 6. c3 Nc6 7. Ne2 cxd4 8. cxd4 f6 9. exf6 Nxf6 10. f4 Qb6 11. Nf3 Bb4+ 12. Bd2 O-O 13. O-O Bd7 14. Kh1 Rac8 15. a3 Be7 16. b4 Ne4 17. Be3 Bf6 18. Ne5 Nxe5 19. fxe5 Be7 20. Bxe4 dxe4 21. Rxf8+ Rxf8 22. Nc3 Bc6 23. Qg4 Qa6 24. Qxe6+ Kh8 25. Qxe7 Re8 26. Qf7 Qd3 27. Rf1 h6 28. d5 Bd7 29. Nxe4 Bb5 30. Re1 Qxd5 31. Ng3 Qxf7 32. e6 Qxe6 0-1


[Site "https://www.chess.com"]

[Event "Titled Tuesday Blitz July 13 2021"]
[White "Markidis, Konstantinos"]
[Black "Langner, Ladislav"]
[WhiteFideId "4203500"]
[BlackFideId "300403"]
[WhiteElo "2304"]
[BlackElo "2346"]
[Result "1-0"]
[Round "11"]
[TimeControl "180+1"]
[Date "2021.07.13"]
[WhiteClock "0:01:31"]
[BlackClock "0:00:08"]

1. e4 c5 2. Nf3 e6 3. g3 d5 4. exd5 exd5 5. d4 Bg4 6. Bg2 Nc6 7. O-O Nxd4 8. Qe1+ Be7 9. Nxd4 cxd4 10. Qe5 Nf6 11. Qxd4 O-O 12. Nc3 Rc8 13. Nxd5 Nxd5 14. Qxg4 Rxc2 15. Qd4 Nb4 16. Qxa7 Bc5 17. Qxb7 Rxf2 18. Rxf2 Nd3 19. h3 Bxf2+ 20. Kh2 Qd6 21. Qf3 f5 22. Bf4 Nxf4 23. gxf4 Bd4 24. Rd1 1-0


[Site "https://www.chess.com"]

[Event "Titled Tuesday Blitz July 13 2021"]
[White "Moon_stone123"]
[Black "Maevsky, Nikolay"]
[BlackFideId "4198220"]
[WhiteElo "2432"]
[BlackElo "2213"]
[Result "0-1"]
[Round "11"]
[TimeControl "180+1"]
[Date "2021.07.13"]
[WhiteClock "0:01:29"]
[BlackClock "0:01:03"]

1. Nf3 g6 2. d4 Bg7 3. e4 d6 4. Bc4 a6 5. a4 e6 6. O-O Ne7 7. Qe2 Nd7 8. c3 b6 9. Ne1 Bb7 10. f4 Bxe4 11. Qxe4 d5 12. Qe2 dxc4 13. Qxc4 O-O 14. Nd3 Nd5 15. Ne5 Nxe5 16. fxe5 c5 17. Bf4 cxd4 18. cxd4 Rc8 19. Qxa6 Nxf4 20. Rxf4 Rc1+ 21. Kf2 Rc2+ 22. Kg3 Qg5+ 23. Rg4 Qe3+ 24. Kh4 h5 25. Ra3 Qg1 26. Rgg3 Qxh2+ 27. Kg5 Kh7 28. Raf3 Bh6+ 29. Kf6 Qh4+ 0-1


[Site "https://www.chess.com"]

[Event "Titled Tuesday Blitz July 13 2021"]
[White "Nakamura, Hikaru"]
[Black "Martinez Alcantara, Jose Eduardo"]
[WhiteFideId "2016192"]
[BlackFideId "3805662"]
[WhiteElo "2900"]
[BlackElo "2690"]
[Result "1-0"]
[Round "11"]
[TimeControl "180+1"]
[Date "2021.07.13"]
[WhiteClock "0:00:16"]
[BlackClock "0:00:01"]

1. e4 c5 2. Nf3 d6 3. d4 cxd4 4. Nxd4 Nf6 5. Nc3 a6 6. h3 e5 7. Nde2 h5 8. g3 Be7 9. Bg2 b5 10. a4 b4 11. Nd5 a5 12. Nxe7 Qxe7 13. Bg5 Be6 14. O-O Qc7 15. Bxf6 gxf6 16. c3 Na6 17. f4 Qb6+ 18. Kh2 Nc5 19. Ng1 Rd8 20. Qe2 Bb3 21. Nf3 Bxa4 22. Nh4 Bb5 23. c4 Bd7 24. fxe5 dxe5 25. Rad1 Bc8 26. Rd5 a4 27. Qf2 Rxd5 28. exd5 b3 29. Qd2 Ke7 30. Bf3 Bd7 31. Rd1 Qd6 32. Qe3 Rb8 33. Ra1 Rb4 34. Be2 Qb6 35. Qf3 a3 36. Rxa3 Ra4 37. Rxa4 Nxa4 38. Bd1 Nc5 39. Qe3 Qb4 40. Qe2 Na4 41. Ng2 Nc5 42. Ne3 Kd6 43. Qf2 Ne4 44. Qg2 Nc5 45. Bxh5 Ke7 46. d6+ Kxd6 47. Bxf7 Qa5 48. h4 Bc6 49. Bd5 Bd7 50. h5 Qd8 51. Qd2 Qh8 52. Bf3+ Ke7 53. Nd5+ Kf8 54. Qb4 Kg7 55. Qxc5 1-0


[Site "https://www.chess.com"]

[Event "Titled Tuesday Blitz July 13 2021"]
[White "Nguyen, Quoc Hy"]
[Black "Tologon tegin, Semetei"]
[WhiteFideId "12410853"]
[BlackFideId "13800574"]
[WhiteElo "1975"]
[BlackElo "2224"]
[Result "1-0"]
[Round "11"]
[TimeControl "180+1"]
[Date "2021.07.13"]
[WhiteClock "0:00:10"]
[BlackClock "0:00:10"]

1. d4 Nf6 2. c4 e6 3. Nc3 Bb4 4. Qc2 O-O 5. Nf3 c5 6. dxc5 Na6 7. g3 Nxc5 8. Bg2 b6 9. O-O Bb7 10. Nb5 Nce4 11. a3 Be7 12. Bf4 a6 13. Nc3 Rc8 14. Ne5 d5 15. Rfd1 Nxc3 16. bxc3 Bd6 17. cxd5 exd5 18. Nd3 Re8 19. e3 Qc7 20. Bxd6 Qxd6 21. Nf4 Qc5 22. Rd3 Ne4 23. Bxe4 dxe4 24. Rd7 Bc6 25. Rd4 g5 26. Ne2 h6 27. c4 Rc7 28. Nc3 Rce7 29. Rb1 b5 30. cxb5 axb5 31. Rbb4 Re5 32. Qb2 Qe7 33. Nxb5 Bxb5 34. Rxb5 Rxb5 35. Qxb5 Rc8 36. Qf5 Re8 37. a4 Kg7 38. a5 Qe6 39. Qxe6 Rxe6 40. Ra4 Ra6 41. Kf1 f5 42. Ke2 Kf6 43. Kd2 Ke5 44. Kc3 Kd5 45. Kb4 Kc6 46. Kc4 h5 47. Ra1 h4 48. Kd4 Kd6 49. gxh4 gxh4 50. Kc4 Kc6 51. h3 Kb7 52. Kd5 Rg6 53. Ke5 Rg2 54. a6+ Ka7 55. Ra2 Rh2 56. Kxf5 Rxh3 57. Kxe4 Rh1 58. Kf3 h3 59. Kg3 h2 60. Kg2 Rb1 61. Kxh2 Rb6 62. Kg3 Rg6+ 63. Kf3 Rf6+ 64. Ke2 Rf7 65. f4 Rf8 66. Kf3 Rf7 67. e4 Rf8 68. f5 Rf7 69. Kf4 Rh7 70. e5 Rh1 71. f6 Rf1+ 72. Kg5 Rg1+ 73. Kf5 Rf1+ 74. Ke6 Rf2 75. Rxf2 1-0


[Site "https://www.chess.com"]

[Event "Titled Tuesday Blitz July 13 2021"]
[White "Novikov, Evgenij"]
[Black "Samsonkin, Artiom"]
[WhiteFideId "4125380"]
[BlackFideId "13503111"]
[WhiteElo "2242"]
[BlackElo "2513"]
[Result "1-0"]
[Round "11"]
[TimeControl "180+1"]
[Date "2021.07.13"]
[WhiteClock "0:00:28"]
[BlackClock "0:00:09"]

1. d4 Nf6 2. Bf4 e6 3. e3 c5 4. c3 d5 5. Nd2 Nc6 6. Ngf3 cxd4 7. exd4 Nh5 8. Be3 Bd6 9. Bd3 Nf4 10. Bxf4 Bxf4 11. O-O O-O 12. Re1 g6 13. Qe2 Bh6 14. Ne5 Nxe5 15. dxe5 f6 16. Nf3 Bg7 17. c4 fxe5 18. Nxe5 Qf6 19. Rac1 d4 20. c5 Qg5 21. g3 Bxe5 22. Qxe5 Qxe5 23. Rxe5 Bd7 24. Re4 Bc6 25. Rxe6 Rad8 26. f4 Kg7 27. a3 g5 28. f5 Bd7 29. Re5 Kf6 30. Rce1 Rde8 31. Rxe8 Rxe8 32. Rxe8 Bxe8 33. Be4 Ke5 34. Bxb7 d3 35. Kf2 Kd4 36. c6 Bh5 37. c7 d2 38. c8=Q d1=Q 39. Qc3# 1-0


[Site "https://www.chess.com"]

[Event "Titled Tuesday Blitz July 13 2021"]
[White "Obolentseva, Alexandra"]
[Black "Wilson, Elvin"]
[WhiteFideId "24153648"]
[BlackFideId "2014874"]
[WhiteElo "2113"]
[BlackElo "2312"]
[Result "1-0"]
[Round "11"]
[TimeControl "180+1"]
[Date "2021.07.13"]
[WhiteClock "0:00:47"]
[BlackClock "0:00:03"]

1. d4 Nf6 2. c4 e6 3. Nc3 Bb4 4. Qc2 O-O 5. Bf4 d5 6. Nf3 dxc4 7. g3 b5 8. Bg2 Bb7 9. O-O a6 10. Rfd1 Nbd7 11. b3 cxb3 12. Qxb3 Bxc3 13. Qxc3 Nd5 14. Qc2 Nxf4 15. gxf4 Nf6 16. e3 Be4 17. Qc3 Qd5 18. Ne1 Bxg2 19. Nxg2 Rfc8 20. a4 Rab8 21. axb5 axb5 22. Rdb1 Qh5 23. Ra7 Ng4 24. h4 c5 25. Rc1 h6 26. dxc5 b4 27. Qc4 b3 28. c6 b2 29. Rb1 Qd5 30. Qxd5 exd5 31. f3 Nf6 32. Rb7 Rxb7 33. cxb7 Rc1+ 34. Kh2 Rxb1 35. b8=Q+ Kh7 36. Qb3 g6 37. Qc2 Rf1 38. Qxb2 Rxf3 39. Qxf6 h5 40. Qxf7+ 1-0


[Site "https://www.chess.com"]

[Event "Titled Tuesday Blitz July 13 2021"]
[White "Omariev, Maksim"]
[Black "Piesik, Piotr"]
[WhiteFideId "4193423"]
[BlackFideId "1136194"]
[WhiteElo "2409"]
[BlackElo "2354"]
[Result "0-1"]
[Round "11"]
[TimeControl "180+1"]
[Date "2021.07.13"]
[WhiteClock "0:00:01"]
[BlackClock "0:01:04"]

1. g4 d5 2. Bg2 e5 3. d4 Bxg4 4. dxe5 c6 5. c4 dxc4 6. Qxd8+ Kxd8 7. Nf3 Bb4+ 8. Bd2 Na6 9. O-O Kc7 10. Rc1 Bxf3 11. Bxf3 Rd8 12. Bf4 Ne7 13. a3 Bc5 14. Rxc4 Rd1+ 15. Kg2 Ng6 16. Bg3 Rhd8 17. e3 Re1 18. b4 Be7 19. e6+ Bd6 20. exf7 Bxg3 21. hxg3 Ne5 22. Rf4 Rf8 23. a4 Rxf7 24. Rxf7+ Nxf7 25. b5 Nc5 26. bxc6 bxc6 27. a5 Nb3 28. Ra4 Rxb1 29. Rf4 Ne5 30. Be4 Rb2 31. Bxh7 Nc5 32. Rf5 Kd6 33. g4 Nxg4 34. Rf7 Nxe3+ 35. Kh3 Nd5 36. Rxa7 g5 37. Rg7 Ne6 38. Bg8 Nxg7 0-1


[Site "https://www.chess.com"]

[Event "Titled Tuesday Blitz July 13 2021"]
[White "Ozates, Tuna"]
[Black "Yuan, Qingyu"]
[WhiteFideId "6354521"]
[BlackFideId "8609772"]
[WhiteElo "1872"]
[BlackElo "2359"]
[Result "1-0"]
[Round "11"]
[TimeControl "180+1"]
[Date "2021.07.13"]
[WhiteClock "0:00:15"]
[BlackClock "0:00:06"]

1. e4 c5 2. Na3 g6 3. h4 h5 4. c3 Bg7 5. Nf3 Nc6 6. d4 d5 7. exd5 Qxd5 8. Nb5 Kf8 9. Nc7 Qe4+ 10. Be3 cxd4 11. cxd4 Rb8 12. Bd3 Qg4 13. d5 Nb4 14. Be2 Qxg2 15. Rg1 Qh3 16. Bxa7 Bf5 17. Rc1 Rc8 18. Qb3 Nc2+ 19. Rxc2 Bxc2 20. Qxc2 Qd7 21. Bb6 Nf6 22. Ne5 Qd6 23. Nc4 Qd7 24. Ne6+ fxe6 25. Qxg6 Rg8 26. Ne5 Qe8 27. dxe6 Qxg6 28. Rxg6 Bh8 29. Nd7+ Nxd7 30. exd7 Rc1+ 31. Kd2 Rxg6 32. d8=Q+ Kf7 33. Kxc1 Rc6+ 34. Kd2 Rd6+ 35. Qxd6 exd6 36. Bxh5+ Ke6 37. Bf3 Bxb2 38. Bxb7 Bd4 39. Bc8+ Ke5 40. Bxd4+ Kxd4 41. h5 Ke5 42. h6 Kf6 43. a4 Kg6 44. a5 Kxh6 45. a6 Kg5 46. a7 Kf4 47. a8=Q d5 48. Qc6 d4 49. Bb7 d3 50. Qe4+ Kg5 51. f4+ Kh4 52. Qg2 Kh5 53. Be4 Kh4 54. Bf5 Kh5 55. Qg5# 1-0


[Site "https://www.chess.com"]

[Event "Titled Tuesday Blitz July 13 2021"]
[White "Papasimakopoulos, Alexandros"]
[Black "Rozhkov, Viacheslav"]
[WhiteFideId "4244125"]
[BlackFideId "4181484"]
[WhiteElo "2352"]
[BlackElo "2324"]
[Result "0-1"]
[Round "11"]
[TimeControl "180+1"]
[Date "2021.07.13"]
[WhiteClock "0:00:35"]
[BlackClock "0:00:21"]

1. d4 d5 2. c4 dxc4 3. Nf3 Nf6 4. e3 e6 5. Bxc4 a6 6. O-O c5 7. Bd3 b5 8. a4 b4 9. Nbd2 Bb7 10. b3 Nbd7 11. Bb2 Be7 12. Qe2 O-O 13. Rac1 Nd5 14. Ne4 cxd4 15. Nxd4 N7f6 16. Nc5 Bxc5 17. Rxc5 Qd6 18. Rc2 Rfc8 19. Rfc1 Rxc2 20. Qxc2 Ng4 21. g3 h5 22. Qc5 Qd7 23. Qc2 h4 24. Qe2 Ne5 25. Bb1 hxg3 26. hxg3 Rd8 27. Qh5 f5 28. Nxf5 Nc3 29. Bxc3 Nf3+ 30. Kf1 bxc3 31. Nh4 Qd1+ 32. Rxd1 Rxd1+ 33. Ke2 Rd2+ 34. Kf1 Rd1+ 35. Kg2 Nxh4+ 36. Kh3 Rh1+ 37. Kg4 Bf3+ 38. Kg5 Bxh5 39. Be4 Bf3 0-1


[Site "https://www.chess.com"]

[Event "Titled Tuesday Blitz July 13 2021"]
[White "Paravyan, David"]
[Black "Matinian, Nikita"]
[WhiteFideId "4194985"]
[BlackFideId "24129100"]
[WhiteElo "2562"]
[BlackElo "2410"]
[Result "1-0"]
[Round "11"]
[TimeControl "180+1"]
[Date "2021.07.13"]
[WhiteClock "0:02:10"]
[BlackClock "0:01:36"]

1. c4 e5 2. Nc3 Nc6 3. Nf3 g6 4. d4 exd4 5. Nxd4 Bg7 6. Be3 Nge7 7. Qd2 O-O 8. O-O-O a6 9. h4 h5 10. g4 hxg4 11. h5 Nxd4 12. Bxd4 Bxd4 13. Qxd4 Nc6 14. Qxg4 d6 15. Qg3 g5 16. f4 f6 17. c5 Bf5 18. e4 Bh7 19. e5 Kh8 20. exf6 g4 21. Nd5 Qd7 22. Qc3 Qf7 23. Bc4 dxc5 24. Rhe1 Nd4 25. Re7 Qxd5 26. Bxd5 1-0


[Site "https://www.chess.com"]

[Event "Titled Tuesday Blitz July 13 2021"]
[White "Pastar, Slaven"]
[Black "Makhmudov, Shukhrat"]
[WhiteFideId "14402718"]
[BlackFideId "14200775"]
[WhiteElo "2150"]
[BlackElo "2135"]
[Result "1-0"]
[Round "11"]
[TimeControl "180+1"]
[Date "2021.07.13"]
[WhiteClock "0:00:05"]
[BlackClock "0:00:04"]

1. b3 d5 2. Bb2 Nf6 3. Nf3 e6 4. e3 Be7 5. c4 O-O 6. Nc3 b6 7. cxd5 exd5 8. Be2 c5 9. d4 Nc6 10. O-O Bg4 11. h3 Bh5 12. dxc5 bxc5 13. Rc1 Rc8 14. Na4 Ne4 15. Nd2 Bxe2 16. Qxe2 Bf6 17. Nxe4 Bxb2 18. Qxb2 dxe4 19. Nxc5 Nb4 20. Nxe4 Nd3 21. Rxc8 Nxb2 22. Rxd8 Rxd8 23. Rc1 f5 24. Rc2 Rd1+ 25. Kh2 fxe4 26. Rxb2 Kf7 27. Kg3 g5 28. Rc2 Kf6 29. Rc6+ Kf5 30. Rc5+ Kf6 31. Ra5 h5 32. Rxa7 Kf5 33. Ra5+ Kf6 34. h4 gxh4+ 35. Kxh4 Rd2 36. Kg3 h4+ 37. Kxh4 Rxf2 38. Kg3 Re2 39. Kf4 Rxg2 40. Ra6+ Ke7 41. Kxe4 Kd7 42. Kd4 Rd2+ 43. Kc3 Re2 44. Kd3 Rh2 45. b4 Rh4 46. b5 Kc7 47. a4 Kb7 48. a5 Rh5 49. Rb6+ Kc7 50. Rc6+ Kb7 51. Rb6+ Kc7 52. e4 Rh3+ 53. Kd4 Rh1 54. Rc6+ Kb7 55. a6+ Ka7 56. Rc7+ Kb8 57. Rb7+ Ka8 58. Rf7 Rb1 59. Kc5 Rc1+ 60. Kb6 Rc8 61. Ra7+ Kb8 62. Rb7+ Ka8 63. Rc7 Re8 64. Rc4 Re6+ 65. Ka5 Re5 66. Kb6 Re6+ 67. Rc6 Re8 68. e5 Kb8 69. e6 Ka8 70. e7 Rb8+ 71. Ka5 Re8 72. Kb6 Kb8 73. a7+ Ka8 74. Rc7 Rh8 75. Rd7 Rh6+ 76. Kc7 1-0


[Site "https://www.chess.com"]

[Event "Titled Tuesday Blitz July 13 2021"]
[White "Perez Rodriguez, Luis Manuel"]
[Black "Hoffmann, Asa"]
[WhiteFideId "3503364"]
[BlackFideId "2001470"]
[WhiteElo "2429"]
[BlackElo "2117"]
[Result "1-0"]
[Round "11"]
[TimeControl "180+1"]
[Date "2021.07.13"]
[WhiteClock "0:01:00"]
[BlackClock "0:01:13"]

1. e4 d6 2. d4 Nf6 3. Nc3 c6 4. f4 Qa5 5. Bd3 e5 6. Nf3 exd4 7. Nxd4 Qb6 8. Be2 Be7 9. O-O O-O 10. Kh1 Nbd7 11. a4 Re8 12. a5 Qc7 13. Bf3 Bf8 14. Re1 Nc5 15. b4 Ne6 16. Nxe6 Bxe6 17. Bb2 Bc4 18. Qd4 Ba6 19. Rad1 Rad8 20. Qxa7 d5 21. exd5 Rxe1+ 22. Rxe1 Bxb4 23. dxc6 Qxa5 24. cxb7 Bd6 25. Ra1 Qb4 26. Rxa6 Bb8 27. Qb6 Qxf4 28. Qxd8+ 1-0


[Site "https://www.chess.com"]

[Event "Titled Tuesday Blitz July 13 2021"]
[White "Pert, Richard G"]
[Black "Garcia, Gabriel Gonzaga"]
[WhiteFideId "404748"]
[BlackFideId "2138956"]
[WhiteElo "2441"]
[BlackElo "2240"]
[Result "1/2-1/2"]
[Round "11"]
[TimeControl "180+1"]
[Date "2021.07.13"]
[WhiteClock "0:00:10"]
[BlackClock "0:00:08"]

1. d4 Nf6 2. Nc3 d5 3. e4 Nxe4 4. Nxe4 dxe4 5. Bc4 Bf5 6. g4 Bg6 7. Ne2 e5 8. h4 h5 9. Bg5 f6 10. Be3 hxg4 11. dxe5 Qxd1+ 12. Rxd1 fxe5 13. Ng3 c6 14. h5 Bh7 15. Be6 Na6 16. Rd7 Nc5 17. Bxc5 Bxc5 18. Rxg7 Rd8 19. Rxb7 Rf8 20. Rf1 Rf6 21. Rxh7 Rxe6 22. Nxe4 Be7 23. Ke2 Rd4 24. Ke3 Rb4 25. b3 Bf8 26. c4 Bh6+ 27. Ke2 a5 28. Rg1 a4 29. Rxg4 axb3 30. axb3 Rxb3 31. Rg8+ Bf8 32. Nc5 Rb2+ 33. Ke3 Rf6 34. Nd7 Rfxf2 35. Rxf8+ Rxf8 36. Nxf8 Kxf8 37. h6 Rc2 38. Kd3 Rh2 39. Ke4 Rh4+ 40. Kxe5 Rxc4 41. Rc7 Kg8 42. Kf6 Kh8 43. Kg5 Rc1 44. Kg6 Rg1+ 45. Kf6 Rf1+ 46. Kg6 Rg1+ 47. Kf6 Rf1+ 48. Ke6 Re1+ 49. Kd6 Rd1+ 50. Kxc6 Rc1+ 51. Kb7 Rxc7+ 52. Kxc7 Kh7 53. Kd7 Kxh6 1/2-1/2


[Site "https://www.chess.com"]

[Event "Titled Tuesday Blitz July 13 2021"]
[White "Plotnikov, Pavel"]
[Black "Lauridsen, Jesper Morch"]
[WhiteFideId "4170342"]
[BlackFideId "1401890"]
[WhiteElo "2298"]
[BlackElo "2283"]
[Result "1-0"]
[Round "11"]
[TimeControl "180+1"]
[Date "2021.07.13"]
[WhiteClock "0:00:12"]
[BlackClock "0:00:17"]

1. e4 e5 2. Nf3 Nc6 3. Bc4 Nf6 4. d3 d6 5. O-O Be7 6. c3 O-O 7. h3 Be6 8. Bb3 Qd7 9. Bc2 d5 10. exd5 Nxd5 11. Re1 Rad8 12. Nxe5 Nxe5 13. Rxe5 Bd6 14. Re1 Bxh3 15. d4 Bg4 16. Qd3 g6 17. Bh6 Rfe8 18. Nd2 Bf5 19. Ne4 Bxe4 20. Rxe4 Rxe4 21. Qxe4 Re8 22. Qf3 Bf8 23. Bxf8 Kxf8 24. g3 c6 25. Kg2 Kg7 26. Bb3 Nf6 27. Rd1 Qg4 28. Qxg4 Nxg4 29. Kf3 Nh2+ 30. Kg2 Ng4 31. Bc4 h5 32. Rd2 Re1 33. Re2 Rxe2 34. Bxe2 f5 35. a3 b5 36. Bf3 c5 37. dxc5 Ne5 38. Bd5 Kf6 39. f4 Nd3 40. b4 g5 41. fxg5+ Kxg5 42. Bc6 a6 43. Bb7 f4 44. c6 f3+ 45. Kxf3 Ne5+ 46. Ke4 Nxc6 47. Bxc6 h4 48. gxh4+ Kxh4 49. Bb7 1-0


[Site "https://www.chess.com"]

[Event "Titled Tuesday Blitz July 13 2021"]
[White "Pridorozhni, Aleksei"]
[Black "Shkapenko, Pavel"]
[WhiteFideId "4127870"]
[BlackFideId "4151933"]
[WhiteElo "2565"]
[BlackElo "2386"]
[Result "1/2-1/2"]
[Round "11"]
[TimeControl "180+1"]
[Date "2021.07.13"]
[WhiteClock "0:00:31"]
[BlackClock "0:00:14"]

1. e4 e5 2. f4 d5 3. exd5 exf4 4. Nf3 Nf6 5. Bc4 Nxd5 6. O-O Be7 7. d4 O-O 8. Bxd5 Qxd5 9. Bxf4 Bg4 10. Bxc7 Nc6 11. c3 Bg5 12. Nbd2 Be3+ 13. Kh1 Ne7 14. Qb3 Qd7 15. Bg3 Bxd2 16. Nxd2 Nf5 17. Bf2 Nd6 18. Rae1 b5 19. Bg3 Be6 20. Qa3 Nc4 21. Nxc4 bxc4 22. b4 cxb3 23. axb3 a5 24. Bd6 Rfd8 25. Bc5 a4 26. bxa4 Rxa4 27. Qc1 Ra2 28. Qf4 Bd5 29. Rf2 Re8 30. Ref1 Rxf2 31. Qxf2 Qg4 32. Rg1 Re2 33. Qf1 h5 34. c4 Bxc4 35. Qf3 Qxf3 36. gxf3 Bd5 37. Rf1 h4 38. Bd6 h3 39. Bg3 f6 40. Kg1 Kf7 41. Rf2 Re1+ 42. Rf1 Rxf1+ 43. Kxf1 Bxf3 44. Kf2 Bg2 45. Bd6 g5 46. Bc7 f5 47. Bd8 Kg6 48. Kg3 Bf1 49. d5 f4+ 50. Kf2 Bg2 51. d6 Bc6 52. Be7 Kf5 53. Kg1 g4 54. d7 Bxd7 55. Bd6 Bc6 56. Bc7 Ke4 57. Bb8 Bb7 58. Bc7 Bd5 59. Kf2 Kf5 60. Kg1 Ke4 61. Kf2 Bb7 62. Bb8 Ba8 63. Bc7 Kf5 64. Kg1 Bd5 65. Bb8 Bb7 66. Bc7 Bc8 67. Bb8 Be6 68. Bc7 Bb3 69. Bb8 Bd1 70. Bc7 Bf3 71. Bb8 Ke4 72. Bc7 Bg2 73. Bb8 Kf3 74. Bc7 Ke4 75. Bd6 Bf3 76. Bc7 Bd1 77. Bd6 Kf3 78. Bc7 g3 79. Bd6 Bc2 80. Bc7 Be4 81. Bd6 Kg4 82. Bc7 Bd5 83. Bd6 Bc6 84. Bc7 Bb7 85. Bd6 Ba6 86. Bc7 Kf3 87. Bd6 Bc4 88. Bc7 Be6 89. Bd6 Bg4 90. Bc7 Bh5 91. Bd6 Be8 92. Bc7 Kg4 93. Bd6 Bb5 94. Bc7 Bc4 95. Bd6 g2 96. Bc7 Kf3 97. Bb6 Ke2 98. Bf2 f3 99. Bh4 Bd3 100. Bf2 Be4 101. Bg3 Bd3 102. Bf2 Be4 103. Bg3 Bd3 104. Bf2 1/2-1/2


[Site "https://www.chess.com"]

[Event "Titled Tuesday Blitz July 13 2021"]
[White "Prraneeth Vuppala"]
[Black "Wagner, Dennis"]
[WhiteFideId "46622373"]
[BlackFideId "24650684"]
[WhiteElo "1759"]
[BlackElo "2355"]
[Result "0-1"]
[Round "11"]
[TimeControl "180+1"]
[Date "2021.07.13"]
[WhiteClock "0:00:15"]
[BlackClock "0:01:59"]

1. d4 Nf6 2. c4 e6 3. Nf3 c5 4. d5 b5 5. dxe6 fxe6 6. cxb5 d5 7. e3 Bd6 8. Be2 O-O 9. b3 a6 10. bxa6 Nc6 11. Bb2 Bxa6 12. Bxa6 Qa5+ 13. Nbd2 Qxa6 14. Qe2 Nb4 15. Qxa6 Rxa6 16. Ke2 Nxa2 17. e4 dxe4 18. Ng5 Rb8 19. Ngxe4 Nxe4 20. Nxe4 Rxb3 21. Rhg1 Rxb2+ 22. Kf3 Ra3+ 23. Kg4 Be5 24. Rad1 Rb4 25. Rd8+ Kf7 26. f3 Nc3 27. Rd7+ Kg6 28. h4 h5+ 29. Kh3 Nxe4 30. Rf1 Rb1 31. g4 Rxf1 32. gxh5+ Kh6 33. Rd8 Raxf3+ 34. Kg2 R1f2+ 35. Kg1 Bh2+ 0-1


[Site "https://www.chess.com"]

[Event "Titled Tuesday Blitz July 13 2021"]
[White "Pruijssers, Roeland"]
[Black "Janaszak, Dawid"]
[WhiteFideId "1013068"]
[BlackFideId "1119206"]
[WhiteElo "2545"]
[BlackElo "2332"]
[Result "1-0"]
[Round "11"]
[TimeControl "180+1"]
[Date "2021.07.13"]
[WhiteClock "0:00:22"]
[BlackClock "0:00:03"]

1. f4 e5 2. fxe5 d6 3. exd6 Bxd6 4. Nf3 g5 5. g3 g4 6. Nh4 Ne7 7. d4 Ng6 8. Nxg6 hxg6 9. Qd3 Nc6 10. c3 Qe7 11. e4 Bf5 12. Bg2 O-O-O 13. Kf2 Ne5 14. Qe2 Be6 15. dxe5 Bc5+ 16. Be3 Rh5 17. Nd2 Rxe5 18. Rhd1 Rh8 19. Kg1 Reh5 20. Nf1 Bd6 21. Bd4 Rxh2 22. Nxh2 Rxh2 23. Kxh2 Qh4+ 24. Kg1 Bxg3 25. Bh1 b6 26. Rf1 Bd6 27. e5 Bc4 28. Qxc4 g3 29. Qe2 1-0


[Site "https://www.chess.com"]

[Event "Titled Tuesday Blitz July 13 2021"]
[White "Quparadze, Giga"]
[Black "Abdusattorov, Nodirbek"]
[WhiteFideId "13602250"]
[BlackFideId "14204118"]
[WhiteElo "2658"]
[BlackElo "2662"]
[Result "1/2-1/2"]
[Round "11"]
[TimeControl "180+1"]
[Date "2021.07.13"]
[WhiteClock "0:00:07"]
[BlackClock "0:00:07"]

1. e4 c5 2. Nf3 e6 3. d4 cxd4 4. Nxd4 Nf6 5. Nc3 Nc6 6. Be2 Bb4 7. Nxc6 bxc6 8. Qd3 d5 9. exd5 Nxd5 10. Bd2 O-O 11. O-O a5 12. Qg3 Qf6 13. Bd3 Be7 14. Rab1 Nb4 15. Be4 Ba6 16. Rfe1 Rad8 17. Bf4 Nd5 18. Be5 Qh6 19. Rbd1 Bf6 20. Nxd5 cxd5 21. Bd3 Bxd3 22. Rxd3 Bxe5 23. Qxe5 Rb8 24. h3 Rfc8 25. Rg3 g6 26. Rc3 Qd2 27. Re2 Qc1+ 28. Re1 Qh6 29. Ree3 Qf8 30. Rxc8 Rxc8 31. Rc3 Rd8 32. Rc7 Qb4 33. Qf6 Rf8 34. Qc3 Qe4 35. Qxa5 Qf4 36. g3 Qc1+ 37. Kg2 Qxb2 38. a4 h5 39. c4 d4 40. Qe5 Qb8 41. Qd6 Rd8 42. Qe7 Rf8 43. Rd7 Qa8+ 44. Kh2 Qf3 45. Kg1 Qd1+ 46. Kg2 d3 47. Qd6 Qxa4 48. Qxd3 Rc8 49. Rd8+ Rxd8 50. Qxd8+ Kh7 51. Qc7 Kg7 52. c5 Qe4+ 53. Kg1 Qe1+ 54. Kg2 Qe4+ 55. Kg1 Qe1+ 56. Kg2 Qe4+ 1/2-1/2


[Site "https://www.chess.com"]

[Event "Titled Tuesday Blitz July 13 2021"]
[White "Rodrigues, Bruno Morado"]
[Black "Nozdrachev, Leonid"]
[WhiteFideId "2115654"]
[BlackFideId "24113433"]
[WhiteElo "2040"]
[BlackElo "2221"]
[Result "0-1"]
[Round "11"]
[TimeControl "180+1"]
[Date "2021.07.13"]
[WhiteClock "0:00:14"]
[BlackClock "0:00:34"]

1. d4 d6 2. Nc3 Nf6 3. e4 e5 4. Bg5 Be7 5. Nf3 Nbd7 6. Bc4 O-O 7. O-O h6 8. Bh4 Nxe4 9. Bxe7 Nxc3 10. Bxd8 Nxd1 11. Bxc7 Nxb2 12. Bb3 e4 13. Nd2 Nb6 14. a4 d5 15. Rfb1 N2c4 16. Bxb6 Nxd2 17. Bc5 Nxb1 18. Bxf8 Nc3 19. Bb4 Ne2+ 20. Kf1 Nxd4 21. Bc3 Nxb3 22. cxb3 Be6 23. Bd4 a6 24. Rc1 Rc8 25. Rxc8+ Bxc8 26. Ke2 f6 27. Ke3 Kf7 28. Bc5 Ke6 29. Bf8 Kf7 30. Bc5 g5 31. Kd4 Ke6 32. a5 Bd7 33. Bf8 h5 34. g3 Bc6 35. b4 Bb5 36. Kc5 Bc4 37. Kd4 Kf5 38. Bd6 Kg4 39. Ke3 f5 40. Bc7 Bd3 41. Bd6 f4+ 42. gxf4 gxf4+ 43. Kd4 Kf3 44. Be5 Bc4 45. Bd6 h4 46. Be5 h3 47. Bd6 e3 48. fxe3 fxe3 49. Bg3 e2 50. Kc3 Ke3 51. Be1 Bb5 52. Bh4 d4+ 53. Kb2 Kd2 0-1


[Site "https://www.chess.com"]